 Dungeon Crawl Stone Soup version 0.30-a0-1102-g2dbb833546 (webtiles) character file.

Game seed: 3045927376004530945

42 Ic0nGaming the Cutter (level 3, -1/21 HPs)
             Began as a Kobold Gladiator on Apr 18, 2023.
             Succumbed to an adder's poison
             ... on level 2 of the Dungeon.
             The game lasted 00:02:21 (871 turns).

Ic0nGaming the Cutter (Kobold Gladiator)             Turns: 871, Time: 00:02:21

Health: -1/21      AC:  4    Str: 11    XL:     3   Next: 80%
Magic:  3/3        EV: 15    Int:  9    God:
Gold:   64         SH:  0    Dex: 18    Spells: 2/2 levels left

rFire   . . .      SeeInvis .    a - +0 rapier
rCold   . . .      Faith    .    (no shield)
rNeg    . . .      Spirit   .    b - +0 leather armour
rPois   .          Reflect  .    c - +0 helmet
rElec   .          Rampage  .    (no cloak)
rCorr   .                        (no gloves)
Will    .....                    (no boots)
Stlth   +++                      (no amulet)
HPRegen 0.23/turn                (no ring)
MPRegen 0.08/turn                (no ring)

@: lethally poisoned (-1 -> -17)
A: small, no large weapons, nightstalker 3
a: no special abilities


You were on level 2 of the Dungeon.
You visited 1 branch of the dungeon, and saw 2 of its levels.

You collected 64 gold pieces.

Inventory:

Hand Weapons
 a - a +0 rapier (weapon)
Missiles
 d - 3 throwing nets
 e - 2 boomerangs (quivered)
Armour
 b - a +0 leather armour (worn)
 c - a +0 helmet (worn)
Wands
 j - a wand of mindburst (23)
Scrolls
 f - a scroll of enchant weapon {unknown}
 h - a scroll of identify
 i - a scroll of silence {unknown}
Potions
 g - 2 potions of curing


   Skills:
 - Level 2.1 Fighting
 * Level 5.4 Short Blades
 - Level 2.1 Throwing
 - Level 3.6 Dodging
 + Level 2.4 Stealth


You had 2 spell levels left.
You didn't know any spells.
Your spell library was empty.

Dungeon Overview and Level Annotations

Branches:
Dungeon (2/15)

Altars:

Shops:
D:1 [


Innate Abilities, Weirdness & Mutations

You are small and have problems with some larger weapons.
You are completely attuned to the shadows.


Message History

You hear a shout! x2; You hear an angry hiss.
A hobgoblin comes into view.
The adder bites you but does no damage.
The gnoll shouts!
You hit the adder.
The adder is heavily wounded.
The adder completely misses you.
You closely miss the adder.
The adder is heavily wounded.
The adder bites you but does no damage.
You closely miss the adder.
The adder is heavily wounded.
The adder bites you.
You are poisoned.
The adder poisons you! The adder misses you.
You hit the adder but do no damage.
The adder is heavily wounded.
You feel sick. The hobgoblin closely misses you. The adder bites you.
You are more poisoned.
The adder poisons you!
You hit the adder.
The adder is heavily wounded.
You feel sick. The gnoll completely misses you. The adder bites you.
The hobgoblin barely misses you. The gnoll attacks as you move away!
The gnoll misses you.
You feel sick. The adder bites you.
* * * LOW HITPOINT WARNING * * *
You are lethally poisoned!
The adder poisons you! The adder attacks as you move away!
The adder misses you.
* * * LOW HITPOINT WARNING * * *
You feel very sick. The adder bites you.
* * * LOW HITPOINT WARNING * * *
You are more poisoned.
The adder poisons you! The hobgoblin attacks as you move away!
The hobgoblin closely misses you. The adder attacks as you move away!
The adder closely misses you. The gnoll attacks as you move away!
The gnoll misses you.
You die...

####..###
##...###
.......#
.......#
.......#
.......#
.......#
...)...#
....@..#
.......#
...gSg.#
....g..#
.......#
....g..#
#........
#........
#####
#...g


You could see 2 gnolls, an adder and a hobgoblin.

Vanquished Creatures
  2 adders (D:2)
  A dart slug (D:1)
  2 endoplasms (D:1)
  A giant cockroach (D:1)
  2 goblins (D:1)
  A hobgoblin (D:1)
  3 jackals (D:2)
  4 quokkas (D:1)
  3 ball pythons (D:1)
  A frilled lizard (D:1)
  A rat (D:1)
21 creatures vanquished.

Notes
Turn   | Place    | Note
-------+----------+-------------------------------------------
     0 | D:1      | Ic0nGaming the Kobold Gladiator began the quest for the
                  | Orb.
     0 | D:1      | Reached XP level 1. HP: 12/12 MP: 1/1
    76 | D:1      | Reached skill level 1 in Stealth
    76 | D:1      | Reached XP level 2. HP: 17/17 MP: 2/2
   443 | D:1      | Reached XP level 3. HP: 21/21 MP: 3/3
   533 | D:1      | Found Veuss's Armour Shoppe.
   703 | D:2      | Reached skill level 5 in Short Blades
   871 | D:2      | Succumbed to an adder's poison

Illustrated notes

Levels and vault maps discovered:
D:1:      denvon_arrival_hothouse, layout_loops_cross, serial_shops, shop
D:2:      layout_basic, uniq_sigmund

Skill      XL: |  1  2  3 |
---------------+----------+-----
Stealth        | 1 2 |  2.4
Short Blades   | 5 |  5.4
Fighting       | |  2.1
Throwing       | |  2.1
Dodging        | |  3.6

Action                     || total
---------------------------++-------
  Melee: Rapier            ||    44
  Throw: Boomerang         ||     1
    Use: Scroll            ||     1
   Stab: Sleeping          ||     8
 Armour: Leather armour    ||     5
  Dodge: Dodged            ||    33

Table legend: (Time is in decaauts)
 A = Elapsed time spent in this place.
 B = Non-inter-level travel time spent in this place.
 C = Inter-level travel time spent in this place.
 D = Time resting spent in this place.
 E = Time spent auto-exploring this place.
 F = Levels seen in this place.
 G = Mean time per level.
                   A        B        C        D        E       F      G
               +--------+--------+--------+--------+--------+-----+--------+
         Total |    869 |    844 |     25 |     10 |    690 |   2 |  434.5 |
       Dungeon |    869 |    844 |     25 |     10 |    690 |   2 |  434.5 |
               +--------+--------+--------+--------+--------+-----+--------+

Top non-repeatable levels by time:
     D:1: 660 daAuts
     D:2: 209 daAuts
